 Dungeon Crawl Stone Soup version 0.28-b1-1-g3c77fb2ed1 (webtiles) character file.

Game seed: 16173138748246292313

116 Malroth the Stinger (level 5, -5/35 HPs)
             Began as a Merfolk Venom Mage on Jan 31, 2022.
             Killed by divine providence
             ... invoked by an orc priest
              (11 damage)
             ... on level 4 of the Dungeon.
             The game lasted 00:31:32 (4305 turns).

Malroth the Stinger (Merfolk Venom Mage)            Turns: 4305, Time: 00:31:33

Health: -5/35      AC:  3    Str:  8    XL:     5   Next: 1%
Magic:  1/9        EV: 12    Int: 17    God:
Gold:   233        SH:  0    Dex: 14    Spells: 5/9 levels left

rFire   + . .      SeeInvis .   (no weapon)
rCold   . . .      Faith    .   (no shield)
rNeg    . . .      Spirit   .   a - +0 robe
rPois   .          Reflect  .   (no helmet)
rElec   .          Harm     .   c - +0 cloak
rCorr   .          Rampage  .   (no gloves)
Will    .....                   (no boots)
Stlth   ++........              (no amulet)
HPRegen 0.11/turn               h - ring of protection from fire
MPRegen 0.11/turn               (no ring)

@: no status effects
A: (nimble swimmer 2), mertail
a: no special abilities


You were on level 4 of the Dungeon.
You visited 1 branch of the dungeon, and saw 4 of its levels.

You collected 233 gold pieces.

Inventory:

Missiles
 b - 6 boomerangs of dispersal (quivered)
Armour
 a - a +0 robe (worn)
 c - a +0 cloak (worn)
Jewellery
 h - a ring of protection from fire (left hand)
Scrolls
 d - a scroll of fog {unknown}
 g - a scroll of identify
 j - a scroll of enchant weapon {unknown}
Potions
 e - 2 potions of heal wounds
 f - a potion of berserk rage {unknown}
 i - a potion of attraction


   Skills:
 - Level 2.6 Dodging
 - Level 2.1 Stealth
 + Level 2.6 Spellcasting
 * Level 3.9 Transmutations
 * Level 4.6 Poison Magic


You had 5 spell levels left.
You knew the following spells:

 Your Spells              Type           Power      Damage    Failure   Level
a - Sting                 Tmut/Pois      64%        1d6       3%          1
b - Poisonous Vapours     Pois/Air       20%        N/A       11%         2
c - Magic Dart            Conj           8%         1d3       19%         1

Your spell library contained the following spells:

 Spells                   Type           Power      Damage    Failure   Level
 Call Imp                 Summ           2%         N/A       26%         2
 Olgreb's Toxic Radiance  Pois           17%        N/A       26%         4
 Mephitic Cloud           Conj/Pois/Air  7%         N/A       28%         3


Dungeon Overview and Level Annotations

Branches:
Dungeon (4/15)
 Temple: D:4-7

Altars:
Trog


Innate Abilities, Weirdness & Mutations

((You are very nimble when in or above water. (Stealth+, EV+, Speed+++)))
Your lower body shifts to a powerful aquatic tail in water.


Message History

Aiming: Sting (safe; 3% risk of failure)
Press: ? - help, Shift-Dir - straight line, f/p - orc priest
Aim: an orc priest, wielding a +0 short sword and wearing a +0 leather armour (74% to hit)
The sting misses the orc priest.
Your magical contamination has completely faded away.
You hit the orc priest.
The orc priest is lightly wounded.
The orc priest misses you.
You hit the orc priest but do no damage.
The orc priest is lightly wounded.
The orc priest hits you with a +0 short sword.
You hit the orc priest but do no damage.
The orc priest is lightly wounded.
The orc priest closely misses you.
You hit the orc priest but do no damage.
The orc priest is lightly wounded.
The orc priest hits you with a +0 short sword.
You barely miss the orc priest.
The orc priest is lightly wounded.
The orc priest hits you with a +0 short sword.
You hit the orc priest.
The orc priest is lightly wounded.
The orc priest hits you with a +0 short sword.
* * * LOW HITPOINT WARNING * * *
Unknown command.
You hit the orc priest but do no damage.
The orc priest is lightly wounded.
The orc priest hits you with a +0 short sword.
* * * LOW HITPOINT WARNING * * *
You barely miss the orc priest.
The orc priest is lightly wounded.
The orc priest closely misses you.
You closely miss the orc priest.
The orc priest is lightly wounded.
The orc priest casts a cantrip, but nothing happens.
You barely miss the orc priest.
The orc priest is lightly wounded.
The orc priest invokes the aid of Beogh against you.
Beogh smites you!
You die...

# .# ###>#####
#......J. #.#
#.# ... ... #@#
#.. ..# #o#
#.....# #.#
#.#...### #.#
#.#...... #.#
#.......#
#.#####........
#...o..<)......
#######?#...#..
#.....#


You could see an orc priest.

Vanquished Creatures
  4 adders (D:2)
  3 worms
  3 dart slugs
  5 endoplasms
  5 giant cockroaches
  5 goblins
  6 hobgoblins
  6 kobolds
  2 quokkas
  6 ball pythons
  9 bats
  3 frilled lizards
  10 rats
67 creatures vanquished.

Vanquished Creatures (others)
  4 fungi (D:1)
  27 plants (D:1)
  6 toadstools (D:1)
37 creatures vanquished.

Grand Total: 104 creatures vanquished

Notes
Turn   | Place    | Note
-------+----------+-------------------------------------------
     0 | D:1      | Malroth the Merfolk Venom Mage began the quest for the Orb.
     0 | D:1      | Reached XP level 1. HP: 13/13 MP: 3/3
   329 | D:1      | Reached XP level 2. HP: 19/19 MP: 1/5
   373 | D:1      | Found a faded altar of an unknown god.
  1011 | D:1      | Learned a level 2 spell: Poisonous Vapours
  1040 | D:1      | Reached XP level 3. HP: 24/24 MP: 1/6
  1410 | D:2      | Found a bloodstained altar of Trog.
  1585 | D:2      | Reached skill level 4 in Poison Magic
  1991 | D:2      | Reached XP level 4. HP: 30/30 MP: 1/7
  2914 | D:3      | Learned a level 1 spell: Magic Dart
  4274 | D:4      | Reached XP level 5. HP: 35/35 MP: 4/9
  4305 | D:4      | Killed from afar by an orc priest

Illustrated notes

Levels and vault maps discovered:
D:1:      lightli_arrival_noodles, layout_basic,
          shapermc_ecumenical_altar_acropolis, serial_bayou_lagoon_a,
          minmay_gold_behind_fungi
D:2:      layout_loops_ring, basic_altar, minmay_fountain_box
D:3:      layout_basic
D:4:      layout_loops_ring, uniq_grinder, uniq_menkaure, uniq_robin

Skill      XL: |  1  2  3 |
---------------+----------+-----
Transmutations | 2 3 |  3.9
Poison Magic   | 4 |  4.6
Dodging        | |  2.6
Stealth        | |  2.1
Spellcasting   | |  2.6

Action                   |  1- 3 |  4- 6 || total
-------------------------+-------+-------++-------
Melee: Unarmed           |     4 |    18 ||    22
 Cast: Sting             |    62 |    45 ||   107
       Poisonous Vapours |     9 |    29 ||    38
       Magic Dart        |       |     7 ||     7
  Use: Scroll            |     1 |     5 ||     6
       Potion            |       |     1 ||     1
Armor: Robe              |     7 |     9 ||    16
       Skin              |       |     1 ||     1
Dodge: Dodged            |    21 |    22 ||    43
